 Dungeon Crawl Stone Soup version 0.31-a0-702-gf82c85558f (webtiles) character file.

Game seed: 8881305780200727227

34 qw the Shooter (level 3, -2/22 HPs)
             Began as a Gargoyle Hunter on Sept 8, 2023.
             Slain by Jessica
             ... wielding a +0 club
              (7 damage)
             ... on level 2 of the Dungeon.
             The game lasted 00:00:23 (1130 turns).

qw the Shooter (Gargoyle Hunter)                    Turns: 1130, Time: 00:00:23

Health: -2/22      AC:  6    Str: 14    XL:     3   Next: 31%
Magic:  3/3        EV: 11    Int:  9    God:
Gold:   88         SH:  0    Dex: 15    Spells: 2/2 levels left

rFire   . . .        a - +0 shortbow
rCold   . . .        (shield currently unavailable)
rNeg    + . .        c - +0 leather armour
rPois   inf          (no helmet)
rElec   +            (no cloak)
rCorr   .            (no gloves)
SInv    .            (no boots)
Will    .....        (no amulet)
Stlth   ++           (no ring)
HPRegen 0.23/turn    (no ring)
MPRegen 0.08/turn

%: no passive effects
@: no status effects
A: sickness immunity, AC +3, negative energy resistance 1, electricity
resistance, torment resistance 1, petrification resistance
a: no special abilities


You were on level 2 of the Dungeon.
You visited 1 branch of the dungeon, and saw 2 of its levels.

You collected 88 gold pieces.


Innate Abilities, Weirdness & Mutations

You are immune to sickness and miasma.
Your stone body is resilient. (AC +3)
You are immune to poison.
You resist negative energy. (rN+)
You are resistant to electric shocks. (rElec)
You are resistant to unholy torment.
You are immune to petrification.


   Skills:
 + Level 2.4 Fighting
 - Level 5.0 Ranged Weapons
 - Level 1.5 Dodging
 - Level 1.1 Stealth


You had 2 spell levels left.
You didn't know any spells.
Your spell library was empty.

Inventory:

Hand Weapons
 a - a +0 shortbow (weapon)
Armour
 c - a +0 leather armour (worn)
Jewellery
 f - a ring of ice
 j - an amulet of faith
Scrolls
 b - a scroll of poison {unknown}
 i - a scroll of fog {unknown}
 k - a scroll of summoning {unknown}
Potions
 d - a potion of resistance {unknown}
 e - 2 potions of haste {unknown}
 g - a potion of magic {unknown}
 h - a potion of curing {unknown}

Dungeon Overview and Level Annotations

Branches:
Dungeon (2/15)

Altars:

Annotations:
D:1 exclusion: endoplasm
D:2 Jessica


Message History

You shoot an arrow. The arrow hits the endoplasm!
You kill the endoplasm!
A hobgoblin comes into view.
You shoot an arrow. The hobgoblin shouts!
The arrow hits the hobgoblin.
The hobgoblin is severely wounded.
You shoot an arrow. The arrow hits the hobgoblin!
You kill the hobgoblin!
You now have 88 gold pieces (gained 10).
Found an escape hatch in the ceiling.
e - 2 yellow potions (gained 1)
k - a scroll labelled FUERRU KUTAUTU Jessica the Apprentice Sorceress comes into view.
She is wielding a +0 club.
Jessica shouts!
You shoot an arrow. The arrow barely misses Jessica.
Jessica gestures wildly while chanting.
Jessica seems to speed up.
You shoot an arrow. The arrow hits Jessica.
Jessica is lightly wounded.
You shoot an arrow. The arrow closely misses Jessica.
You shoot an arrow. The arrow hits Jessica.
Jessica is lightly wounded.
Jessica hits you with a +0 club.
You shoot an arrow. The arrow closely misses Jessica.
Jessica hits you with a +0 club. Jessica hits you but does no damage.
You shoot an arrow. The arrow barely misses Jessica.
Jessica very coldly says, "I hate your company."
Jessica closely misses you.
A worm comes into view.
You shoot an arrow. The arrow hits Jessica.
Jessica is moderately wounded.
Jessica casts a spell at you. Pain shoots through your body!
Jessica points at you and mumbles some strange words.
Pain shoots through your body!
You shoot an arrow. The arrow hits Jessica.
Jessica is severely wounded.
Jessica hits you with a +0 club!
You die...

###.#.#####
#..###### #.##
#.#.#..<. #.. ....
##.#...... #.. #..#
#......... ... #..#
#....#...# #..#
#....#...# #
#....#...#####.#..
#....#...#.@.w...#
#....#...#@###.#.##
#....#.............
#....#####.###.#.#.
#..........###
##.#######...#
#...............#
...
#########...#.###
.... #...# # ....
#...# ....


You could see a worm and Jessica (fast).

Vanquished Creatures
  An orc (D:2)
  4 endoplasms
  2 goblins (D:2)
  4 hobgoblins
  A quokka (D:1)
  4 ball pythons
  7 bats
  5 kobolds
  A rat (D:2)
29 creatures vanquished.

Notes
Turn   | Place    | Note
-------+----------+-------------------------------------------
     0 | D:1      | qw the Gargoyle Hunter began the quest for the Orb.
     0 | D:1      | Reached XP level 1. HP: 12/12 MP: 1/1
     0 | D:1      | 0 ||| qw: Version: 0.3-a-76-g4403597
     0 | D:1      | 0 ||| qw: Game counter: 1191
     0 | D:1      | 0 ||| qw: Melee chars always use a shield: true
     0 | D:1      | 0 ||| qw: God list: Okawaru
     0 | D:1      | 0 ||| qw: Allow faded altars: false
     0 | D:1      | 0 ||| qw: Do Orc after clearing Dungeon:15 true
     0 | D:1      | 0 ||| qw: Do second Lair branch before Depths: true
     0 | D:1      | 0 ||| qw: Lair rune preference: random
     0 | D:1      | 0 ||| qw: Goals: Normal
     0 | D:1      | 0 ||| PLANNING D:1-11
   265 | D:1      | Reached XP level 2. HP: 17/17 MP: 2/2
   271 | D:1      | 271 ||| DROPPING scroll of butterflies.
   690 | D:2      | Found a faded altar of an unknown god.
   874 | D:2      | Reached XP level 3. HP: 21/21 MP: 3/3
   917 | D:2      | Reached skill level 5 in Ranged Weapons
  1122 | D:2      | Noticed Jessica
  1129 | D:2      | HP: 5/22 [Jessica/nerve-wracking pain (7)]
  1130 | D:2      | Slain by Jessica

Levels and vault maps discovered:
D:1:      minmay_arrival_radiant_lines, layout_rooms, chequers_big_river,
          minmay_misc_feat_room
D:2:      layout_basic, nicolae_ecumenical_pavilion, serial_bayou_pond_a,
          uniq_jessica

Skill      XL: |  1  2  3 |
---------------+----------+-----
Ranged Weapons | 5 |  5.0
Fighting       | |  2.4
Dodging        | |  1.5
Stealth        | |  1.1

Action                     || total
---------------------------++-------
   Fire: Shortbow          ||    87
 Armour: Leather armour    ||    25
  Dodge: Dodged            ||    26

Table legend:
 A = Non-vault XP
 B = Vault XP
 C = Vault XP percentage of total XP
 D = Non-vault monster count
 E = Vault monster count
 F = Vault count percentage of total count
                 A         B        C        D         E       F
            +---------+---------+-------+---------+---------+-------
      Total |      49 |       0 |   0.0 |      29 |       0 |   0.0
            +---------+---------+-------+---------+---------+-------
        D:1 |      18 |       0 |   0.0 |      12 |       0 |   0.0
        D:2 |      31 |       0 |   0.0 |      17 |       0 |   0.0
            +---------+---------+-------+---------+---------+-------
